 Dungeon Crawl Stone Soup version 0.30-a0-883-g5ad918d77d (webtiles) character file.

Game seed: 12564055650177042746

2210 cforsyth the Ogre Mage (level 9, -18/74 HPs)
             Began as an Ogre Fire Elementalist on Mar 17, 2023.
             Was a Follower of Vehumet.
             Killed by an exploding purple ugly thing (33 damage)
             ... ignited by their inner flame
             ... on level 7 of the Dungeon.
             The game lasted 00:16:04 (10227 turns).

cforsyth the Ogre Mage (Ogre Fire Elementalist)    Turns: 10227, Time: 00:16:05

Health: -18/74     AC: 10    Str: 14    XL:     9   Next: 35%
Magic:  7/18       EV: 10    Int: 20    God:    Vehumet [*.....]
Gold:   313        SH:  0    Dex:  9    Spells: 13/20 levels left

rFire   . . .      SeeInvis .    B - +0 mace (venom)
rCold   . . .      Faith    .    (no shield)
rNeg    . . .      Spirit   .    z - +1 acid dragon scales
rPois   .          Reflect  .    A - +2 hat
rElec   .          Rampage  .    (no cloak)
rCorr   +                        (gloves unavailable)
Will    .....                    (boots unavailable)
Stlth   ++                       (no amulet)
HPRegen 0.32/turn                (no ring)
MPRegen 0.16/turn                (no ring)

@: about to teleport, invisible
A: large, unfitting armour, tough skin 1
a: Renounce Religion


You were on level 7 of the Dungeon.
You worshipped Vehumet.
Vehumet was aware of your devotion.
You visited 2 branches of the dungeon, and saw 8 of its levels.

You collected 313 gold pieces.

Inventory:

Hand Weapons
 B - a +0 mace of venom (weapon)
Missiles
 t - 2 throwing nets
Armour
 a - a +0 robe
 z - +1 acid dragon scales (worn)
 A - a +2 hat (worn)
Jewellery
 r - a ring of fire
Wands
 y - a wand of paralysis (9)
 D - a wand of polymorph (7)
Scrolls
 f - 2 scrolls of enchant armour
 g - a scroll of fog {unknown}
 h - a scroll of summoning {unknown}
 l - a scroll of blinking {unknown}
 m - a scroll of fear
 o - a scroll of amnesia
 u - a scroll of immolation
 E - a scroll of identify
Potions
 b - a potion of magic
 c - 2 potions of curing
 d - 2 potions of ambrosia
 e - 4 potions of brilliance
 i - 2 potions of lignification
 j - 3 potions of might
 p - a potion of cancellation {unknown}
 v - 3 potions of flight
 w - a potion of berserk rage


   Skills:
 + Level 5.2 Dodging
 + Level 4.6 Stealth
 + Level 6.3 Spellcasting
 + Level 4.9 Conjurations
 + Level 5.5 Fire Magic


You had 13 spell levels left.
You knew the following spells:

 Your Spells              Type           Power      Damage    Failure   Level
a - Foxfire               Conj/Fire      100%       2x1d9     1%          1
b - Scorch                Fire           56%        2d8       2%          2
c - Flame Wave            Conj/Fire      27%        2d9       17%         4

Your spell library contained the following spells:

 Spells                   Type           Power      Damage    Failure   Level
 Kiss of Death            Conj/Necr      64%        2d10      5%          1
 Inner Flame              Hex/Fire       17%        N/A       14%         3
 Dazzling Flash           Conj/Hex       32%        N/A       16%         3
 Stone Arrow              Conj/Erth      32%        3d9       16%         3
 Kindle Blastsparks       Fire/Tloc/Air  26%        2d12      21%         3
 Frozen Ramparts          Ice            12%        1d2       41%         3
 Ozocubu's Armour         Ice            6%         N/A       41%         3
 Summon Guardian Golem    Hex/Summ       6%         N/A       41%         3
 Iskenderun's Mystic Bla  Conj/Tloc      16%        2d5       47%         4
 Animate Armour           Summ/Erth      12%        N/A       83%         4
 Ice Form                 Ice/Tmut       6%         N/A       83%         4
 Summon Ice Beast         Ice/Summ       6%         N/A       83%         4
 Starburst                Conj/Fire      13%        6d6       95%         6
 Metabolic Englaciation   Hex/Ice        3%         N/A       99%         5
 Simulacrum               Ice/Necr       3%         N/A       100%        6
 Orb of Destruction       Conj           13%        9d7       100%        7
 Spellforged Servitor     Conj/Summ      8%         N/A       100%        7
 Lehudib's Crystal Spear  Conj/Erth      8%         10d3      100%        8


Dungeon Overview and Level Annotations

Branches:
Dungeon (7/15)             Temple (1/1) D:5

Altars:
Ashenzari
Cheibriados
Dithmenos
Fedhas
Gozag
Hepliaklqana
Kikubaaqudgha
Makhleb
Nemelex Xobeh
Okawaru
Ru
Sif Muna
Trog
Uskayaw
Vehumet
Xom
Yredelemnul
Zin
The Shining One

Shops:
D:1 (   D:3 *


Innate Abilities, Weirdness & Mutations

You are too large for most types of armour.
You have tough skin. (AC +1)


Message History

* * * LOW HITPOINT WARNING * * *
You feel much better. The purple ugly thing kicks you!
* * * LOW HITPOINT WARNING * * *
As you read the scroll labelled GETOQE WOKUIL, it crumbles to dust.
You hear a loud clanging noise!
It was a scroll of noise.
The purple ugly thing barely misses you.
The air fills with toxic fumes!
As you read the scroll labelled NETSEUF PYCOS, it crumbles to dust.
It was a scroll of poison.
The purple ugly thing kicks you!
* * * LOW HITPOINT WARNING * * *
Okay, then.
As you read the scroll labelled YHENUYLEWE, it crumbles to dust.
Your body is wracked with pain!
* * * LOW HITPOINT WARNING * * *
The purple ugly thing convulses!
Flame seeps out of the purple ugly thing.
It was a scroll of torment.
The purple ugly thing is engulfed in blazing flames.
Flame seeps out of the purple ugly thing.
The purple ugly thing closely misses you.
As you read the scroll labelled CEBBUTO UTOIST, it crumbles to dust.
You feel strangely unstable.
It was a scroll of teleportation.
The purple ugly thing is engulfed in blazing flames.
Flame seeps out of the purple ugly thing.
Press: ? - help, v - describe, . - travel
Here: a purple ugly thing (poison gas, almost dead, wandering, inner flame, unable to see you, hasn't noticed you)
The floor.
Unknown command.
Okay, then.
You feel better.
The purple ugly thing is engulfed in poison gas.
The purple ugly thing is poisoned.
Flame seeps out of the purple ugly thing.
Flame seeps out of the purple ugly thing.
The purple ugly thing is engulfed in blazing flames.
Vehumet accepts your kill.
The purple ugly thing explodes!
The fiery explosion engulfs you!!
You die...

############# #...........#
#.#########.# ####.##### #.# ##
.........#####.### ####.
.###.#####...###@## ########....
.###.####..#..#§○§####..........#
........#.###§§§#§#.##..........#
.###..###.#.#####§#.....#####.#.#
.###..###..#.## §#.....#...#.#.#
.......##.###.# §#..#..#.#.#.#.#
.###....#..#.####§#.##..#.#.#.#.#
.# ##..##.###.#..§####..#.#...#.#
.# #..##..#.#.# ### #..#.#####.#


There were no monsters in sight!

Vanquished Creatures
  An ugly thing (D:7)
  Sigmund (D:2)
  A vampire mosquito (D:7)
  A steam dragon (D:7)
  2 acid dragons
  3 water moccasins
  A black bear (D:5)
  A sky beast (D:6)
  A phantom (D:7)
  A kobold brigand (D:7)
  A gnoll sergeant (D:5)
  A scorpion (D:6)
  A wight (D:7)
  A howler monkey (D:6)
  2 jellies
  4 hounds
  A gnoll bouda (D:5)
  An orc priest (D:3)
  3 iguanas
  6 orc wizards
  9 gnolls
  3 adders
  2 shadow imps (D:5)
  A white imp (D:6)
  A worm (D:3)
  A dart slug (D:1)
  28 orcs
  10 ball pythons
  4 bats
  6 endoplasms
  A giant cockroach (D:4)
  12 goblins
  6 hobgoblins
  3 jackals (D:3)
  5 quokkas
  A frilled lizard (D:2)
  11 kobolds
  10 rats
148 creatures vanquished.

Vanquished Creatures (collateral kills)
  21 foxfires (D:5)
21 creatures vanquished.

Vanquished Creatures (others)
  798 foxfires
  5 plants (D:5)
803 creatures vanquished.

Grand Total: 972 creatures vanquished

Notes
Turn   | Place    | Note
-------+----------+-------------------------------------------
     0 | D:1      | cforsyth the Ogre Fire Elementalist began the quest for the
                  | Orb.
     0 | D:1      | Reached XP level 1. HP: 16/16 MP: 3/3
    29 | D:1      | Reached skill level 1 in Conjurations
   205 | D:1      | You fall into a shaft and drop 1 floor!
   211 | D:2      | Reached XP level 2. HP: 20/24 MP: 3/5
   561 | D:1      | Found Emaq Yqi's Weapon Boutique.
   894 | D:1      | Reached XP level 3. HP: 31/31 MP: 2/7
  1807 | D:2      | Found an ancient bone altar of Kikubaaqudgha.
  2047 | D:2      | Reached skill level 3 in Spellcasting
  2136 | D:2      | Noticed Sigmund
  2159 | D:2      | Killed Sigmund
  2160 | D:2      | Reached XP level 4. HP: 39/39 MP: 1/9
  2160 | D:2      | Reached XP level 5. HP: 45/45 MP: 1/10
  2575 | D:3      | Found Cuxkof's General Store.
  3052 | D:3      | Reached XP level 6. HP: 37/53 MP: 6/11
  4010 | D:4      | Reached skill level 4 in Spellcasting
  4172 | D:4      | Found a hide-covered altar of Uskayaw.
  5123 | D:5      | Entered Level 5 of the Dungeon
  5150 | D:5      | Reached XP level 7. HP: 10/59 MP: 0/13
  5818 | D:5      | Found a staircase to the Ecumenical Temple.
  5829 | Temple   | Entered the Ecumenical Temple
  5994 | Temple   | Became a worshipper of Vehumet
  6323 | D:5      | Reached XP level 8. HP: 56/67 MP: 4/15
  7002 | D:6      | Reached skill level 5 in Spellcasting
  7006 | D:6      | Learned a level 2 spell: Scorch
  7011 | D:6      | Learned a level 4 spell: Flame Wave
  7998 | D:6      | Reached skill level 5 in Fire Magic
  8869 | D:7      | Reached XP level 9. HP: 74/74 MP: 10/17
  9087 | D:7      | Reached skill level 6 in Spellcasting
  9332 | D:7      | Reached * piety under Vehumet
  9332 | D:7      | Offered knowledge of Kiss of Death by Vehumet.
  9333 | D:7      | Reached skill level 5 in Dodging
  9867 | D:7      | Found a broken altar of Ashenzari.
 10132 | D:7      | Noticed a purple ugly thing
 10219 | D:7      | HP: 2/74 [purple ugly thing (15)]
 10227 | D:7      | Killed a purple ugly thing
 10227 | D:7      | Killed by an exploding purple ugly thing... ignited by
                  | their inner flame

Illustrated notes

Levels and vault maps discovered:
D:1:      mrwooster_arrival_arrow, layout_loops_cross, serial_shops, shop
D:2:      layout_loops_corners, basic_altar, mrwooster_statue_mirror,
          uniq_sigmund
D:3:      layout_loops_ring, serial_shops, shop
D:4:      layout_basic, lemuel_doored_altar
D:5:      dreamdust_elfheim, layout_basic, minmay_temple_entry_waves,
          minmay_hedge_maze, hangedman_decor_lopped, minmay_misc_feat_plants,
          nicolae_grassy_gnolls
D:6:      layout_basic
D:7:      layout_loops_ring, lemuel_coloured_pillars_altar,
          nicolae_overflow_crystal_walls, roderic_lattice_a, minmay_small_thing
Temple:   regret_index_temple_chain_breaker

Skill      XL: |  1  2  3  4  5  6  7  8  9 |
---------------+----------------------------+-----
Conjurations   | 1 2 3 4 |  4.9
Dodging        | 2 3 4 5 |  5.2
Fire Magic     | 3 4 5 |  5.5
Spellcasting   | 3 4 5 6 |  6.3
Stealth        | 2 3 4 |  4.6

Action                     |  1- 3 |  4- 6 |  7- 9 || total
---------------------------+-------+-------+-------++-------
  Melee: Unarmed           |       |    14 |    15 ||    29
         Mace              |       |       |     6 ||     6
   Cast: Foxfire           |    87 |   145 |   245 ||   477
         Flame Wave        |       |       |     2 ||     2
         Scorch            |       |       |     1 ||     1
    Use: Scroll            |       |       |    17 ||    17
         Potion            |       |       |     5 ||     5
 Armour: Robe              |     6 |    17 |    10 ||    33
         Acid dragon scale |       |       |    12 ||    12
  Dodge: Dodged            |    10 |    27 |    44 ||    81

Table legend: (Time is in decaauts)
 A = Elapsed time spent in this place.
 B = Non-inter-level travel time spent in this place.
 C = Inter-level travel time spent in this place.
 D = Time resting spent in this place.
 E = Time spent auto-exploring this place.
 F = Levels seen in this place.
 G = Mean time per level.
                   A        B        C        D        E       F      G
               +--------+--------+--------+--------+--------+-----+--------+
         Total |  10258 |   9789 |    469 |    251 |   8190 |   8 | 1282.2 |
       Dungeon |  10072 |   9623 |    449 |    251 |   8048 |   7 | 1438.9 |
        Temple |    185 |    165 |     20 |      0 |    142 |   1 |  185.0 |
               +--------+--------+--------+--------+--------+-----+--------+

Top non-repeatable levels by time:
     D:7: 1647 daAuts
     D:5: 1614 daAuts
     D:2: 1570 daAuts
     D:6: 1476 daAuts
     D:4: 1362 daAuts
     D:3: 1341 daAuts
     D:1: 1059 daAuts
  Temple: 185 daAuts
